 Dungeon Crawl Stone Soup version 0.30.1-11-g7821555f0a (webtiles) character file.

Game seed: 8314093472069359908

123 Vulpanium the Twirler (level 5, -5/37 HPs)
             Began as a Human Wanderer on Dec 3, 2023.
             Killed by divine providence
             ... invoked by an orc priest
              (11 damage)
             ... on level 2 of the Dungeon.
             The game lasted 00:04:19 (1642 turns).

Vulpanium the Twirler (Human Wanderer)              Turns: 1642, Time: 00:04:19

Health: -5/37      AC: 12    Str: 15    XL:     5   Next: 29%
Magic:  8/8        EV:  4    Int: 10    God:
Gold:   118        SH:  0    Dex: 14    Spells: 7/8 levels left

rFire   . . .        a - +0 quarterstaff
rCold   . . .        (shield currently unavailable)
rNeg    . . .        f - +0 plate armour
rPois   .            i - +0 helmet
rElec   .            (no cloak)
rCorr   .            (no gloves)
SInv    .            (no boots)
Will    .....        (no amulet) Stlth
                     (no ring)
HPRegen 0.26/turn    (no ring)
MPRegen 0.11/turn

%: no passive effects
@: no status effects
A: no striking features
a: no special abilities


You were on level 2 of the Dungeon.
You visited 1 branch of the dungeon, and saw 2 of its levels.

You collected 118 gold pieces.

Inventory:

Hand Weapons
 a - a +0 quarterstaff (weapon)
 e - a +0 flail
Armour
 f - a +0 plate armour (worn)
 i - a +0 helmet (worn)
Wands
 b - a wand of polymorph (3)
Scrolls
 c - a scroll of vulnerability
 j - a scroll of noise {unknown}
Potions
 d - 3 potions of berserk rage {unknown}
 g - a potion of invisibility {unknown}
 h - a potion of cancellation {unknown}
 k - a potion of attraction {unknown}


   Skills:
 + Level 1.2 Fighting
 + Level 3.4 Staves
 + Level 2.6 Armour
 + Level 0.2 Dodging
 - Level 1.0 Stealth
 - Level 2.3 Spellcasting
 - Level 2.2 Air Magic
 - Level 2.1 Evocations


You had 7 spell levels left.
You knew the following spells:

 Your Spells              Type           Power      Damage    Failure   Level
a - Shock                 Conj/Air       12%        1d3       100%        1

Your spell library contained the following spells:

 Spells                   Type           Power      Damage    Failure   Level
 Apportation              Tloc           2%         N/A       100%        1
 Necrotise                Necr           4%         1d4       100%        1
 Summon Small Mammal      Summ           4%         N/A       100%        1
 Lesser Beckoning         Tloc           2%         N/A       100%        2
 Static Discharge         Conj/Air       6%         2-3/arc   100%        2
 Gell's Gravitas          Tloc           1%         N/A       100%        3
 Mephitic Cloud           Conj/Pois/Air  2%         N/A       100%        3
 Teleport Other           Tloc           1%         N/A       100%        3
 Dispersal                Tloc           0%         N/A       100%        6


Dungeon Overview and Level Annotations

Branches:
Dungeon (2/15)

Altars:


Message History

Found an escape hatch in the ceiling.
You hit the orc.
The orc is heavily wounded.
The orc hits you but does no damage.
You hit something but do no damage. Something hits you but does no damage.
You miss something.
The orc priest looks braver for a moment.
Something hits you but does no damage.
You barely miss something.
The orc throws a boomerang.
The boomerang barely misses you. Something hits you but does no damage.
You hit something. Something hits you but does no damage.
You hit something but do no damage. Something hits you but does no damage.
You completely miss something. Something hits you but does no damage.
You closely miss something.
The orc throws a boomerang.
The boomerang hits you but does no damage.
Something hits you.
The orc throws a boomerang.
You hear some strange, mumbled words.
A puff of flame appears from out of thin air!
The puff of flame hits you.
You hit something but do no damage.
The orc throws a boomerang.
The boomerang hits you but does no damage.
Something hits you but does no damage.
The orc priest mumbles some strange prayers to Beogh against you.
Beogh smites you!
* * * LOW HITPOINT WARNING * * *
You hit something but do no damage.
You hear some strange, mumbled words.
Something tries to affect you, but you resist.
The orc throws a boomerang.
The boomerang barely misses you.
You barely miss something.
The orc throws a boomerang.
Something hits you but does no damage.
You completely miss something. Something hits you but does no damage.
You hit something but do no damage.
The orc priest looks encouraged for a moment.
Something hits you but does no damage.
You hit something but do no damage.
The orc throws a boomerang.
The boomerang hits you but does no damage.
The orc priest calls down the wrath of Beogh upon you.
Beogh smites you!
You die...

.......... ..#..#######
..#..#....<. ..##.#.....
.........###
...........#
...........###
.......P....Z###########
............ooo{@.>....<
##.........#h#####......
######......# .....
######.## .... #Zh# ...
##Z....... .. ..#......
. o..#...... ....# .....


You could see an orc priest, 2 orcs, a jackal and a bat skeleton.

Vanquished Creatures
  A phantom (D:2)
  A gnoll (D:1)
  An adder skeleton (D:2)
  An orc (D:2)
  3 ball pythons
  A bat skeleton (D:2)
  4 endoplasms
  A hobgoblin (D:2)
  2 jackals (D:2)
  3 kobolds
  A quokka (D:2)
  4 bats
  A frilled lizard (D:2)
  5 goblins
  4 rats
33 creatures vanquished.

Notes
Turn   | Place    | Note
-------+----------+-------------------------------------------
     0 | D:1      | Vulpanium the Human Wanderer began the quest for the Orb.
     0 | D:1      | Vulpanium set off with the following items: a +0
                  | quarterstaff, a wand of polymorph (3), a scroll of
                  | vulnerability, a +0 leather armour; and the following spell
                  | memorised: Shock; and the following spells available to
                  | memorise: Static Discharge, Mephitic Cloud.
     0 | D:1      | Reached XP level 1. HP: 13/13 MP: 3/3
    77 | D:1      | Reached XP level 2. HP: 15/19 MP: 5/5
   619 | D:1      | Reached XP level 3. HP: 24/24 MP: 6/6
  1199 | D:2      | Noticed a phantom
  1231 | D:2      | Killed a phantom
  1232 | D:2      | Reached skill level 1 in Fighting
  1232 | D:2      | Reached skill level 3 in Staves
  1232 | D:2      | Reached XP level 4. HP: 17/32 MP: 7/7
  1232 | D:2      | Reached XP level 5. HP: 19/37 MP: 8/8
  1642 | D:2      | Killed from afar by an orc priest

Illustrated notes

Levels and vault maps discovered:
D:1:      tekkud_arrival_beachfront_property, layout_basic
D:2:      layout_basic, dreamdust_ecumenical_altar_drowned_temple,
          serial_undead, serial_undead_f, serial_undead_f, serial_undead_c,
          serial_undead_f, kennysheep_generic_room_11

Skill      XL: |  1  2  3 |
---------------+----------+-----
Fighting       | 1 |  1.2
Staves         | 3 |  3.4
Armour         | 2 |  2.6
Dodging        | |  0.2
Stealth        | |  1.0
Spellcasting   | |  2.3
Air Magic      | |  2.2
Evocations     | |  2.1

Action                     |  1- 3 |  4- 6 || total
---------------------------+-------+-------++-------
  Melee: Quarterstaff      |    75 |    52 ||   127
   Cast: Shock             |     1 |       ||     1
 Armour: Leather armour    |     7 |       ||     7
         Plate armour      |    89 |    76 ||   165
  Dodge: Dodged            |    24 |    13 ||    37
